 Dungeon Crawl Stone Soup version 0.30.1-4-g462c640d31 (webtiles) character file.

Game seed: 13712931445911888656

13203 Anriel the Carver (level 12, -1/91 HPs)
             Began as a Human Gladiator on Aug 17, 2023.
             Was a High Priest of Okawaru.
             Slain by a 13-headed hydra (7 damage)
             ... on level 10 of the Dungeon.
             The game lasted 00:52:46 (8398 turns).

Anriel the Carver (Human Gladiator)                 Turns: 8398, Time: 00:52:48

Health: -1/91      AC: 16    Str: 16    XL:     12   Next: 29%
Magic:  18/18      EV: 16    Int:  7    God:    Okawaru [*****.]
Gold:   770        SH:  8    Dex: 25    Spells: 11/11 levels left

rFire   . . .        a - +2 long sword (protect)
rCold   . . .        x - +1 buckler "Baexzouz" {Fly Regen+ Int-3 Dex+6}
rNeg    . . .        F - +0 chain mail
rPois   +            J - +3 crown of Dyrovepreva {rElec Int+2 SInv}
rElec   +            (no cloak)
rCorr   .            c - +0 pair of gloves
SInv    +            M - +0 pair of boots
Will    .....        (no amulet) Stlth
                     p - ring of poison resistance
HPRegen 1.15/turn    m - +5 ring of evasion
MPRegen 0.16/turn

%: no passive effects
@: flying, hasted, very quick
A: no striking features
a: Renounce Religion, Heroism, Finesse, Duel


You were on level 10 of the Dungeon.
You worshipped Okawaru.
Okawaru was extremely pleased with you.
You visited 2 branches of the dungeon, and saw 11 of its levels.
You also visited: Ossuary and Bailey.

You collected 770 gold pieces.

Inventory:

Hand Weapons
 a - a +2 long sword of protection (weapon)
 h - a +2 falchion of electrocution
 l - a +1 great sword of freezing
 N - the +1 great sword "Hapag" {flame, rPois}
   (You found it on level 10 of the Dungeon)

   rPois:     It protects you from poison.
Missiles
 g - 19 poisoned darts
 o - 5 javelins
 D - 20 boomerangs (quivered)
Armour
 b - a +0 kite shield
 c - a +0 pair of gloves (worn)
 x - the +1 buckler "Baexzouz" (worn) {Fly Regen+ Int-3 Dex+6}
   (You acquired it on level 5 of the Dungeon)

   Int:       It affects your intelligence (-3).
   Dex:       It affects your dexterity (+6).
   Fly:       It grants you flight.
   Regen:     It increases your rate of health regeneration.
 F - a +0 chain mail (worn)
 J - the +3 crown of Dyrovepreva (worn) {rElec Int+2 SInv}
   (You found it in a bailey)

   Int:       It affects your intelligence (+2).
   rElec:     It insulates you from electricity.
   SInv:      It lets you see invisible.
 M - a +0 pair of boots (worn)
Jewellery
 f - an amulet of faith
 i - a ring of resist corrosion
 m - a +5 ring of evasion (right hand)
 p - a ring of poison resistance (left hand)
 w - a ring of wizardry
 G - a ring of ice
Wands
 d - a wand of light (14)
 v - a wand of flame (10)
 C - a wand of mindburst (2)
 E - a wand of polymorph (2)
 K - a wand of iceblast (5)
 Q - a wand of paralysis (3)
Scrolls
 z - a scroll of teleportation
 L - a scroll of brand weapon
 O - a scroll of poison {unknown}
Potions
 e - 2 potions of haste
 j - 2 potions of lignification
 k - 10 potions of curing
 n - 4 potions of resistance
 q - 2 potions of heal wounds
 r - 3 potions of magic
 s - 2 potions of mutation
 t - a potion of brilliance
 u - 2 potions of cancellation {unknown}
 A - 7 potions of flight
 B - a potion of experience {unknown}
 H - a potion of attraction {unknown}
Miscellaneous
 y - a lightning rod (4/4)
 I - a tin of tremorstones (2/2)
 P - a phial of floods


   Skills:
 + Level 7.1 Fighting
 - Level 9.0 Long Blades
 - Level 6.0 Throwing
 + Level 7.6 Armour
 + Level 6.3 Dodging
 - Level 5.0 Shields
 * Level 8.6 Invocations
 - Level 5.7 Evocations


You had 11 spell levels left.
You didn't know any spells.
Your spell library contained the following spells:

 Spells                   Type           Power      Damage    Failure   Level
 Magic Dart               Conj           0%         1d3       99%         1
 Searing Ray              Conj           0%         2d4       100%        2
 Ozocubu's Armour         Ice            0%         N/A       100%        3
 Fulminant Prism          Conj/Hex       0%         3d5       100%        4
 Borgnjor's Vile Clutch   Necr/Erth      0%         N/A       100%        5
 Orb of Destruction       Conj           0%         9d5       100%        7
 Ozocubu's Refrigeration  Ice            0%         4d7       100%        7
 Summon Guardian Golem    Hex/Summ       Unusable   N/A       N/A         3
 Animate Dead             Necr           Unusable   N/A       N/A         4
 Death Channel            Necr           Unusable   N/A       N/A         6
 Spellforged Servitor     Conj/Summ      Unusable   N/A       N/A         7

Dungeon Overview and Level Annotations

Branches:
Dungeon (10/15)            Temple (1/1) D:6            Lair (0/5) D:8
    Orc (0/2) D:9         Ossuary (visited)          Bailey (visited)

Altars:
Ashenzari
Cheibriados
Dithmenos
Elyvilon
Fedhas
Gozag
Hepliaklqana
Kikubaaqudgha
Makhleb
Nemelex Xobeh
Okawaru
Qazlal
Ru
Sif Muna
Trog
Uskayaw
Vehumet
Wu Jian
Xom
Yredelemnul
Zin
The Shining One

Annotations:
D:9 2 transporters, zxspectator's ghost, novice GrFi


Message History

The 13-headed hydra closely misses you. x2
The 13-headed hydra bites you but does no damage. x2
You block the 13-headed hydra's attack.
The 13-headed hydra is no longer blind.
The white imp grinds its teeth.
Aiming: Bolt of Light
Press: ? - help, Shift-Dir - straight line, f/p - 13-headed hydra
Aim: a 13-headed hydra (lightly wounded, 91% to hit)
The bolt of light hits the 13-headed hydra!
The 13-headed hydra is moderately wounded.
The 13-headed hydra is blinded.
The bolt of light hits the centaur!
The centaur is almost dead.
The centaur is blinded.
The bolt of light hits the kobold brigand!!
You kill the kobold brigand!
Okawaru accepts your kill.
You hear an angry buzzing noise.
The centaur shoots an arrow.
The arrow hits the 13-headed hydra!
You block the 13-headed hydra's attack.
The 13-headed hydra bites you but does no damage.
You block the 13-headed hydra's attack. The 13-headed hydra bites you.
The 13-headed hydra closely misses you. x5; The 13-headed hydra bites you.
* * * LOW HITPOINT WARNING * * *
The 13-headed hydra misses you. The 13-headed hydra bites you.
* * * LOW HITPOINT WARNING * * *
The 13-headed hydra closely misses you.
You feel yourself speed up. The 13-headed hydra bites you.
* * * LOW HITPOINT WARNING * * *
The 13-headed hydra barely misses you.
The 13-headed hydra bites you but does no damage.
You block the 13-headed hydra's attack. The 13-headed hydra bites you!
* * * LOW HITPOINT WARNING * * *
The 13-headed hydra completely misses you.
The 13-headed hydra bites you but does no damage.
The 13-headed hydra completely misses you.
The 13-headed hydra closely misses you. The 13-headed hydra bites you!
* * * LOW HITPOINT WARNING * * *
The 13-headed hydra bites you but does no damage.
The 13-headed hydra barely misses you. The 13-headed hydra bites you!
You die...

.#############...............##..
.................................
...........##########............
########...# #..########.≈ #...#
#..# #..≈ #...## #(.# #.≈≈
#....## #..# #.≈≈
########.....########..#######.§≈
.............c.D@.............§§≈
......####.....####.########..§§#
......#$.##...## #.# #....#
......#...##K## #.# #.....
......##..h#.# ##†########..#..
.......##o'#)#+ ##...............
........###55.###................
####........85...................
....###...###...#########.###


You could see a 13-headed hydra (blind), a kobold demonologist and a centaur
(blind).

Vanquished Creatures
  A boulder beetle (D:10)
  4 two-headed ogres (D:10)
  A tengu warrior (D:10)
  The ghost of LaMa the Grappler, a novice TrBe of Trog (D:7)
  Pikel (D:4)
  An ugly thing (D:8)
  An unseen horror (D:8)
  A troll (D:9)
  A hornet (D:9)
  Eustachio (D:4)
  4 wyverns
  7 yaks (D:8)
  A wraith (D:9)
  2 steam dragons
  7 vampire mosquitoes (D:10)
  An acid dragon (D:9)
  2 water moccasins
  2 ice beasts
  8 orc warriors
  3 sky beasts
  3 black bears
  3 ogres
  A centaur (D:7)
  2 lemures (D:4)
  A phantom (D:5)
  3 kobold brigands
  2 bullfrogs
  2 scorpions
  A gnoll sergeant (D:6)
  12 wights
  8 killer bees
  An electric eel (D:10)
  4 howler monkeys
  A lava snake (D:10)
  4 hounds
  2 jellies (D:6)
  3 orc priests
  A gnoll bouda (D:7)
  A sleepcap (D:5)
  2 iguanas
  3 orc wizards
  8 mummies (Ossuary)
  Robin (D:4)
  5 adders
  16 gnolls
  A worm (D:2)
  2 dart slugs
  15 orcs
  12 endoplasms
  3 giant cockroaches
  2 gnoll zombies (Ossuary)
  21 goblins
  11 hobgoblins
  5 quokkas
  12 ball pythons
  3 bats
  4 frilled lizards
  3 hobgoblin zombies (Ossuary)
  25 kobolds
  2 kobold zombies (Ossuary)
  An orc zombie (Ossuary)
  5 rats
267 creatures vanquished.

Vanquished Creatures (others)
  An iguana (D:6)
  2 hobgoblins (D:4)
3 creatures vanquished.

Grand Total: 270 creatures vanquished

Notes
Turn   | Place    | Note
-------+----------+-------------------------------------------
     0 | D:1      | Anriel the Human Gladiator began the quest for the Orb.
     0 | D:1      | Reached XP level 1. HP: 16/16 MP: 1/1
   107 | D:1      | Reached XP level 2. HP: 12/22 MP: 2/2
   110 | D:1      | Reached skill level 1 in Armour
   276 | D:1      | Reached XP level 3. HP: 24/27 MP: 3/3
   842 | D:2      | Reached XP level 4. HP: 30/34 MP: 4/4
  1644 | D:3      | Reached XP level 5. HP: 39/40 MP: 5/5
  1948 | D:4      | You fall into a shaft and drop 1 floor!
  1948 | D:5      | Entered Level 5 of the Dungeon
  2000 | D:5      | Reached skill level 1 in Shields
  2012 | D:5      | Noticed an ogre
  2018 | D:5      | Killed an ogre
  2019 | D:5      | Reached XP level 6. HP: 47/47 MP: 6/6
  2176 | D:5      | Noticed an ogre
  2176 | D:5      | Noticed an ice beast
  2206 | D:5      | Killed an ogre
  2207 | D:5      | Reached XP level 7. HP: 53/53 MP: 7/7
  2324 | D:4      | Found an ancient bone altar of Kikubaaqudgha.
  2361 | D:4      | Noticed Pikel
  2363 | D:4      | Noticed Robin
  2411 | D:4      | Killed Pikel
  2412 | D:4      | Reached skill level 4 in Long Blades
  2412 | D:4      | Reached XP level 8. HP: 54/61 MP: 8/8
  2424 | D:4      | Killed Robin
  2463 | D:4      | Noticed Eustachio
  2471 | D:4      | Found a sand-covered staircase.
  2477 | Ossuary  | Entered an ossuary
  2551 | Ossuary  | Reached skill level 5 in Shields
  2761 | D:4      | Killed Eustachio
  3178 | D:5      | Reached skill level 5 in Fighting
  3178 | D:5      | Reached skill level 5 in Long Blades
  3178 | D:5      | Reached skill level 5 in Throwing
  3331 | D:5      | Reached skill level 1 in Evocations
  3331 | D:5      | Reached XP level 9. HP: 68/68 MP: 9/9
  3498 | D:5      | Identified a scroll of acquirement
  3498 | D:5      | Acquired the +1 buckler "Baexzouz" {Fly Regen+ Int-3 Dex+6}
  3796 | D:6      | Found a staircase to the Ecumenical Temple.
  3803 | Temple   | Entered the Ecumenical Temple
  3822 | Temple   | Became a worshipper of Warmaster Okawaru
  4128 | D:6      | Found a shadowy altar of Dithmenos.
  4298 | D:6      | Reached skill level 6 in Long Blades
  4298 | D:6      | Reached skill level 5 in Armour
  4633 | D:7      | Found a runed translucent door.
  4636 | D:7      | Noticed LaMa's ghost (novice TrBe)
  4765 | D:7      | Reached * piety under Okawaru
  4771 | D:7      | Reached skill level 5 in Evocations
  4792 | D:7      | Reached XP level 10. HP: 74/74 MP: 10/10
  5065 | D:7      | Reached skill level 1 in Invocations
  5489 | D:7      | Killed LaMa's ghost
  5489 | D:7      | Reached ** piety under Okawaru
  5490 | D:7      | Reached skill level 7 in Long Blades
  5616 | D:8      | Reached skill level 5 in Dodging
  5703 | D:8      | Killed an unseen horror
  5710 | D:8      | Reached skill level 5 in Invocations
  5732 | D:8      | Reached *** piety under Okawaru
  5784 | D:8      | Found a flagged portal.
  5819 | Bailey   | Entered a bailey
  5987 | Bailey   | Reached XP level 11. HP: 74/79 MP: 15/15
  6047 | Bailey   | Reached skill level 8 in Long Blades
  6054 | Bailey   | Received a gift from Okawaru
  6116 | Bailey   | Found the +3 crown of Dyrovepreva {rElec Int+2 SInv}
  6296 | D:8      | Found a staircase to the Lair.
  6468 | D:8      | Noticed a purple ugly thing
  6480 | D:8      | Killed a purple ugly thing
  6480 | D:8      | Reached **** piety under Okawaru
  6515 | D:9      | Found a staircase to the Orcish Mines.
  6704 | D:9      | Found a radiant altar of Vehumet.
  6714 | D:9      | Found a transporter.
  6715 | D:9      | Identified the +4 giant club of Deformation {antimagic,
                  | rN++ Str+5 Dex-4}
  6715 | D:9      | Noticed a two-headed ogre
  6715 | D:9      | Noticed zxspectator's ghost (novice GrFi)
  6728 | D:9      | Reached skill level 9 in Long Blades
  6740 | D:9      | Noticed a two-headed ogre
  7275 | D:9      | Found a transporter.
  7276 | D:9      | Noticed a two-headed ogre
  7667 | D:10     | Entered Level 10 of the Dungeon
  7687 | D:10     | Identified the +1 great sword "Hapag" {flame, rPois}
  7869 | D:10     | Noticed a two-headed ogre
  7884 | D:10     | Killed a two-headed ogre
  7911 | D:10     | Noticed a tengu warrior
  7912 | D:10     | Noticed a boulder beetle
  7912 | D:10     | Noticed a two-headed ogre
  7926 | D:10     | Killed a tengu warrior
  7937 | D:10     | Reached ***** piety under Okawaru
  7947 | D:10     | Killed a two-headed ogre
  7947 | D:10     | Received a gift from Okawaru
  8017 | D:10     | Killed a boulder beetle
  8018 | D:10     | Reached XP level 12. HP: 89/89 MP: 17/17
  8176 | D:10     | Received a gift from Okawaru
  8335 | D:10     | Noticed a two-headed ogre
  8344 | D:10     | Noticed a two-headed ogre
  8352 | D:10     | Killed a two-headed ogre
  8379 | D:10     | Killed a two-headed ogre
  8380 | D:10     | Noticed a six-headed hydra
  8398 | D:10     | Slain by a 13-headed hydra

Illustrated notes

Levels and vault maps discovered:
D:1:      matt_arrival_diagonals, layout_rooms, solitary_fountain,
          minmay_misc_feat_four_crosses
D:2:      layout_basic, kennysheep_generic_room_9
D:3:      layout_loops_ring, minmay_vboxes
D:4:      layout_basic, mainiacjoe_overflow_brackets,
          nicolae_ossuary_entry_plus, uniq_eustachio, uniq_robin, uniq_pikel
D:5:      layout_basic
D:6:      layout_basic, nicolae_dithmenos_shadow_blocks,
          minmay_temple_entry_nine_rooms, lemuel_flamethrower_2
D:7:      layout_basic, hellmonk_ghost_happy_afterlife
D:8:      layout_rooms, david_lair_generic, enter_bailey_4
D:9:      layout_layer_cave, mainiacjoe_overflow_alcove_1, gammafunk_ghost_smash
D:10:     cheibrodos_barr_body, layout_long_grid, serial_shops, shop,
          nicolae_benzene_ring, grunt_decor_junction, chequers_arboretum,
          fountainhead, minmay_checkerbox
Temple:   nicolae_temple_bog_church

Skill      XL: |  1  2  3  4  5  6  7  8  9 10 11 12 |
---------------+-------------------------------------+-----
Armour         | 1 2 3 4 5 7 |  7.6
Fighting       | 3 4 5 6 7 |  7.1
Throwing       | 3 4 5 6 |  6.0
Shields        | 1 2 4 5 |  5.0
Long Blades    | 4 5 6 7 9 |  9.0
Evocations     | 1 5 |  5.7
Dodging        | 5 6 |  6.3
Invocations    | 6 7 8 |  8.6

Action                     |  1- 3 |  4- 6 |  7- 9 | 10-12 || total
---------------------------+-------+-------+-------+-------++-------
  Melee: Long sword        |    58 |       |   104 |   526 ||   688
         Falchion          |    24 |    96 |   228 |       ||   348
  Throw: Javelin           |     5 |     8 |    10 |     5 ||    28
         Throwing net      |     1 |     3 |     2 |       ||     6
         Boomerang         |       |     5 |    54 |    70 ||   129
         Dart              |       |       |     8 |    14 ||    22
  Evoke: Wand              |       |       |       |    15 ||    15
    Use: Scroll            |     4 |     7 |    12 |     6 ||    29
         Potion            |       |     1 |     2 |     4 ||     7
   Stab: Sleeping          |     1 |     3 |       |       ||     4
         Invisible         |       |       |       |    13 ||    13
 Armour: Leather armour    |    18 |     6 |       |       ||    24
         Ring mail         |       |     4 |       |       ||     4
         Scale mail        |       |     7 |   113 |    52 ||   172
         Chain mail        |       |       |       |   130 ||   130
  Dodge: Dodged            |    57 |    68 |   221 |   369 ||   715
  Block: Kite shield       |       |    22 |   145 |       ||   167
         Buckler           |       |       |    62 |   236 ||   298
